 Dungeon Crawl Stone Soup version 0.17.1-3-g152610e (webtiles) character file.

19766 kaze the Blocker (level 12, -10/79 HPs)
             Began as a Gargoyle Fighter on Mar 15, 2016.
             Mangled by Frances
             ... wielding a +0 flail
              (12 damage)
             ... on level 12 of the Dungeon.
             The game lasted 00:26:44 (11865 turns).

kaze the Blocker (Gargoyle Fighter)                Turns: 11865, Time: 00:26:45

Health: -10/79     AC: 29    Str: 29    XL:     12   Next: 72%
Magic:  12/12      EV:  8    Int: 13    God:
Gold:   597        SH: 13    Dex:  9    Spells: 0 memorised, 11 levels left

rFire  . . .     SeeInvis +     A - +9 trident "Veliesch" {freeze, *Confuse rN+ Int+3 SInv}
rCold  . . .     Clarity  .     h - +0 plate armour
rNeg   + + .     SustAt   .     c - +0 shield
rPois  ∞         Gourm    +     (helmet restricted)
rElec  +         Spirit   .     d - +0 cloak of Omission {Slay+2 SInv}
rCorr  .         Warding  .     k - +0 pair of gloves
rMut   .         Stasis   .     G - +0 pair of boots
MR     +....                    a - amulet of the gourmand
Stlth  ..........               l - ring of protection from magic
                                j - ring of poison resistance

@: mighty, somewhat resistant to hostile enchantments, extremely unstealthy
A: horns 1, slimy green scales 1, blink, blurry vision 1, negative energy
resistance 1, electricity resistance, spit poison 1, wild magic 1, unbreathing,
evolution 1, petrification resistance, rot immunity, AC +8
a: Spit Poison, Blink


You were on level 12 of the Dungeon.
You were not hungry.

You visited 1 branch of the dungeon, and saw 12 of its levels.
You also visited: Bailey.

You collected 751 gold pieces.
You spent 154 gold pieces at shops.

Inventory:

Hand Weapons
 A - the +9 trident "Veliesch" (weapon) {freeze, *Confuse rN+ Int+3 SInv}
   (You took it off an orc on level 4 of the Dungeon)

   It has been specially enchanted to freeze those struck by it, causing extra
   injury to most foes and up to half again as much damage against particularly
   susceptible opponents.
   It can also slow down cold-blooded creatures.
   It affects your intelligence (+3).
   It protects you from negative energy.
   It lets you see invisible.
   It may confuse you when you take damage.
 C - the +4 hand axe of Annihilation {venom, rC+ Int+2}
   (You found it on level 4 of the Dungeon)

   It poisons the flesh of those it strikes.
   It affects your intelligence (+2).
   It protects you from cold.
Missiles
 F - 32 tomahawks of returning (quivered)
Armour
 c - a +0 shield (worn)
 d - the +0 cloak of Omission (worn) {Slay+2 SInv}
   (You found it on level 6 of the Dungeon)

   It affects your accuracy and damage with ranged weapons and melee attacks
   (+2).
   It lets you see invisible.
 h - a +0 plate armour (worn)
 k - a +0 pair of gloves (worn)
 G - a +0 pair of boots (worn)
 N - a troll hide
Jewellery
 a - an amulet of the gourmand (around neck)
 j - a ring of poison resistance (left hand)
 l - a ring of protection from magic (right hand)
Wands
 e - a wand of confusion (42)
 f - a wand of heal wounds (5)
 q - a wand of magic darts (19)
 v - a wand of cold (7)
 z - a wand of random effects (23)
 H - a wand of draining (1)
Scrolls
 b - 5 scrolls of remove curse
 g - 3 scrolls of teleportation
 i - 4 scrolls of fear
 y - 2 scrolls of blinking
 B - 4 scrolls of identify
 D - 6 scrolls of magic mapping
 I - 3 scrolls of enchant weapon
 K - 2 scrolls of recharging
 Q - 3 scrolls of amnesia {unknown}
Potions
 m - a potion of invisibility
 n - a potion of might
 p - 2 potions of flight
 r - a potion of degeneration {unknown}
 s - a potion of cure mutation {unknown}
 w - 3 potions of brilliance
 x - a potion of resistance
 L - a potion of haste {unknown}
 P - a potion of agility {unknown}
Books
 M - a book of Power

   Spells                             Type                      Level
   a - Fulminant Prism                Conjuration/Hexes            4
   b - Iskenderun's Mystic Blast      Conjuration                  4
   c - Venom Bolt                     Conjuration/Poison           5
   d - Bolt of Magma                  Conjuration/Fire/Earth       5
   e - Iron Shot                      Conjuration/Earth            6
   f - Orb of Destruction             Conjuration                  7
   g - Spellforged Servitor           Conjuration/Summoning        7
 O - an Akashic Record

   Spells                             Type                      Level
   a - Dispersal                      Translocation                6
   b - Malign Gateway                 Summoning/Translocation      7
   c - Disjunction                    Translocation                8
   d - Controlled Blink               Translocation                8
Miscellaneous
 o - a fan of gales
Comestibles
 t - 3 meat rations
 u - 12 fruits
 E - 4 royal jellies
 J - 6 bread rations


   Skills:
 + Level 10.6 Fighting
 + Level 5.9(8.5) Axes
 + Level 9.5(10.2) Polearms
 + Level 9.9 Armour
 + Level 2.7 Dodging
 + Level 2.2 Stealth
 + Level 11.9 Shields


You had 11 spell levels left.
You didn't know any spells.

Dungeon Overview and Level Annotations

Branches:
Dungeon (12/15)            Temple (0/1) D:4            Lair (0/8) D:8
    Orc (0/4) D:11

Altars:
Cheibriados
Dithmenos
Fedhas
Nemelex Xobeh
Okawaru
Qazlal
Sif Muna
Vehumet
Xom
Zin
The Shining One

Shops:
D:5 ?

Annotations:
D:12 Frances


Innate Abilities, Weirdness & Mutations

You are resistant to torment.
Your stone body is resilient (AC +8).
You are immune to poison.
You resist negative energy.
You are resistant to electric shocks.
You can survive without breathing.
You are immune to petrification.
You are immune to rotting.
You have a pair of small horns on your head.
You are partially covered in slimy green scales (AC +2).
You can translocate small distances at will.
Scrolls take you a little longer to read.
You can spit weak poison.
Your spells are a little harder to cast, but a little more powerful.
You evolve.


Message History

You closely miss Frances.
Frances is moderately wounded.
Frances chants phrases taken from a devil's mouth.
You puncture Frances! You freeze Frances.
Frances is moderately wounded.
Frances hits you but does no damage. You block the red devil's attack.
You puncture Frances! You freeze Frances.
You headbutt Frances, but do no damage.
Frances is heavily wounded.
Frances screams a word of power!
The shard of ice hits you!
Ouch! That really hurt!
* * * LOW HITPOINT WARNING * * *
You block the red devil's attack.
Drink which item? (? for menu, Esc to quit)
You feel very mighty all of a sudden. Frances hits you with a flail!
* * * LOW HITPOINT WARNING * * *
Frances hits you with a flail!
You die...

#........#### #.(.....#
#.....†[..... #.......#
.........# '.......#
#........# #.......#
#........# #.......#
#........# #..)....#
####.##### #343....#
#.# #@# #.# #@## #.#
#..# #.## ##.## #..##
#..# ##..# ##'####
#####.##########.....#
#.........).)..'.....#
##.###.##########.....#
...# #.# #.....#


You could see Frances, a sun demon, a smoke demon and a red devil.

Vanquished Creatures
  Harold (D:11)
  2 unseen horrors
  3 hill giants
  5 orc knights
  2 ugly things
  A troll (D:11)
  A trapdoor spider (D:12)
  The ghost of kaze the Covered, an amateur GrBe of Trog (D:4)
  A shadow (D:11)
  Sigmund (D:5)
  17 yaks
  3 basilisks (D:8)
  2 deep elf magi
  Grum (D:9)
  A wyvern (D:11)
  2 hippogriffs
  2 hungry ghosts
  4 wolves (D:9)
  3 ice beasts
  3 sky beasts
  Duvessa (D:4)
  9 orc warriors
  A black bear (D:9)
  An eye of draining (D:9)
  3 centaurs
  6 ogres
  4 phantoms
  3 necrophages
  4 crocodiles
  A gnoll sergeant (D:4)
  Dowan (D:4)
  A wyvern zombie (D:11)
  10 scorpions
  8 giant frogs
  12 killer bees
  3 spriggan skeletons (D:10)
  A troll skeleton (D:10)
  6 crimson imps
  2 giant frog zombies
  2 jellies
  5 centaur skeletons
  5 gnoll shamans (D:4)
  4 hounds
  4 iguanas
  13 orc priests
  11 orc wizards
  A giant frog skeleton (D:10)
  8 worker ants
  A worker ant zombie (D:11)
  Robin (D:3)
  11 adders
  6 river rats (D:8)
  38 gnolls
  2 oozes (D:3)
  An adder zombie (D:5)
  An adder skeleton (D:2)
  3 worms
  60 orcs
  3 ball pythons
  6 bats
  6 giant cockroaches
  22 goblins
  14 hobgoblins
  18 jackals
  4 quokkas
  4 giant geckos
  A giant gecko skeleton (D:4)
  3 giant newts
  A jackal skeleton (D:5)
  30 kobolds
  A quokka zombie (D:6)
  12 rats
  A bush (D:1)
436 creatures vanquished.

Vanquished Creatures (others)
  An adder zombie (D:6)
  A fungus (D:8)
2 creatures vanquished.

Grand Total: 438 creatures vanquished

Notes
Turn   | Place    | Note
--------------------------------------------------------------
     0 | D:1      | kaze the Gargoyle Fighter began the quest for the Orb.
     0 | D:1      | Reached XP level 1. HP: 14/14 MP: 1/1
    52 | D:1      | Reached XP level 2. HP: 17/19 MP: 2/2
   596 | D:2      | Reached XP level 3. HP: 12/23 MP: 3/3
   892 | D:2      | Reached skill level 4 in Shields
  1039 | D:2      | Reached XP level 4. HP: 12/29 MP: 4/4
  1574 | D:3      | Noticed Robin
  1585 | D:3      | Reached XP level 5. HP: 31/33 MP: 5/5
  1598 | D:3      | Killed Robin
  2138 | D:3      | Reached skill level 1 in Dodging
  2138 | D:3      | Reached skill level 5 in Shields
  2138 | D:3      | Reached XP level 6. HP: 35/39 MP: 6/6
  2541 | D:4      | Reached XP level 7. HP: 22/44 MP: 7/7
  2842 | D:4      | Found a staircase to the Ecumenical Temple.
  2883 | D:4      | Found a sparkling altar of Nemelex Xobeh.
  2923 | D:4      | Noticed Duvessa
  2927 | D:4      | Noticed Dowan
  2952 | D:4      | Killed Duvessa
  2952 | D:4      | Reached skill level 5 in Fighting
  2952 | D:4      | Reached skill level 6 in Shields
  3004 | D:4      | Reached XP level 8. HP: 44/51 MP: 8/8
  3085 | D:4      | Reached skill level 5 in Axes
  3177 | D:4      | Killed Dowan
  3218 | D:4      | Noticed kaze's ghost (amateur GrBe)
  3232 | D:4      | Killed kaze's ghost
  3232 | D:4      | Reached skill level 7 in Shields
  3331 | D:4      | Got a jewelled trident {freeze}
  3336 | D:4      | Identified the +9 trident "Veliesch" {freeze, *Confuse rN+ Int+3 SInv} (You took it off an orc on level 4 of the Dungeon)
  3650 | D:4      | Got a crystal hand axe
  4089 | D:5      | Entered Level 5 of the Dungeon
  4119 | D:5      | Identified the +4 hand axe of Annihilation {venom, rC+ Int+2} (You found it on level 4 of the Dungeon)
  4128 | D:5      | Found Hugick's Magic Scroll Boutique.
  4135 | D:5      | Reached XP level 9. HP: 56/56 MP: 9/9
  4145 | D:5      | Bought a scroll of identify for 28 gold pieces
  4145 | D:5      | Bought a scroll of identify for 28 gold pieces
  4145 | D:5      | Bought a scroll of identify for 28 gold pieces
  4145 | D:5      | Bought a scroll of remove curse for 42 gold pieces
  4145 | D:5      | Bought a scroll of identify for 28 gold pieces
  4360 | D:5      | Noticed Sigmund
  4367 | D:5      | Killed Sigmund
  4367 | D:5      | Reached skill level 5 in Armour
  4367 | D:5      | Reached skill level 8 in Shields
  4391 | D:5      | Reached skill level 1 in Polearms
  4573 | D:5      | Found a glowing golden altar of the Shining One.
  5145 | D:6      | Got a faintly humming cloak
  5151 | D:6      | Identified the cursed +0 cloak of Omission {Slay+2 SInv} (You found it on level 6 of the Dungeon)
  5277 | D:6      | Found a radiant altar of Vehumet.
  5439 | D:6      | Found a shadowy altar of Dithmenos.
  5442 | D:6      | Found a stormy altar of Qazlal.
  5445 | D:6      | Found a snail-covered altar of Cheibriados.
  5464 | D:6      | Found an iron altar of Okawaru.
  5487 | D:6      | Found a glowing silver altar of Zin.
  5843 | D:7      | Gained mutation: You evolve. [potion of mutation]
  5843 | D:7      | Gained mutation: You are partially covered in slimy green scales (AC +2). [potion of mutation]
  5920 | D:7      | Reached skill level 1 in Stealth
  5940 | D:7      | Found a blossoming altar of Fedhas.
  6002 | D:7      | Noticed a cyan ugly thing
  6007 | D:7      | Killed a cyan ugly thing
  6153 | D:7      | Reached skill level 9 in Shields
  6209 | D:7      | Gained mutation: Your spells are a little harder to cast, but a little more powerful. [evolution]
  6377 | D:7      | Reached XP level 10. HP: 64/64 MP: 10/10
  6798 | D:8      | Reached skill level 5 in Polearms
  6842 | D:8      | Found a staircase to the Lair.
  6963 | D:8      | Found a deep blue altar of Sif Muna.
  7548 | D:9      | Noticed Grum
  7550 | D:9      | Reached XP level 11. HP: 56/69 MP: 11/11
  7561 | D:9      | Reached skill level 10 in Shields
  7599 | D:9      | Killed Grum
  7674 | D:9      | Found a shimmering altar of Xom.
  7809 | D:9      | Found a flagged portal.
  7832 | D:9      | Gained mutation: You have a pair of small horns on your head. [evolution]
  7956 | Bailey   | Entered a bailey
  7988 | Bailey   | Noticed an orc knight
  8007 | Bailey   | Killed an orc knight
  8026 | Bailey   | Noticed an orc knight
  8027 | Bailey   | Noticed an orc knight
  8027 | Bailey   | Noticed an orc knight
  8040 | Bailey   | Killed an orc knight
  8077 | Bailey   | Killed an orc knight
  8090 | Bailey   | Killed an orc knight
  8397 | D:10     | Entered Level 10 of the Dungeon
  8494 | D:10     | Noticed an unseen horror
  8501 | D:10     | Killed an unseen horror
  8501 | D:10     | Reached skill level 11 in Shields
  8857 | D:10     | Gained mutation: You can translocate small distances at will. [mutagenic meat]
  8860 | D:10     | Gained mutation: Scrolls take you a little longer to read. [mutagenic meat]
  9567 | D:11     | Found a staircase to the Orcish Mines.
  9722 | D:11     | Reached XP level 12. HP: 77/77 MP: 12/12
  9786 | D:11     | Noticed a hill giant
  9795 | D:11     | Noticed Harold
  9797 | D:11     | Killed a hill giant
  9812 | D:11     | Killed Harold
  9812 | D:11     | Reached skill level 10 in Fighting
  9899 | D:11     | Gained mutation: You can spit weak poison. [evolution]
 11094 | D:12     | HP: 1/78 [orc priest/divine providence (12)]
 11851 | D:12     | Noticed Frances
 11865 | D:12     | HP: 2/79 [Frances/flail (11)]
 11865 | D:12     | Mangled by Frances

Action                   |  1- 3 |  4- 6 |  7- 9 | 10-12 || total
-------------------------+-------+-------+-------+-------++-------
Melee: War axe           |   230 |   229 |   198 |       ||   657
       Trident           |       |       |   188 |   680 ||   868
Throw: Tomahawk          |       |       |       |    12 ||    12
  Use: Potion            |     1 |     1 |     6 |     6 ||    14
       Scroll            |       |     8 |    10 |     3 ||    21
  Eat: Bread ration      |       |     1 |     2 |     1 ||     4
       Meat ration       |       |     1 |       |     1 ||     2
       Chunk             |       |       |     1 |    14 ||    15
       Pizza             |       |       |       |     2 ||     2
       Beef jerky        |       |       |       |     1 ||     1
